 Dungeon Crawl Stone Soup version 0.23.2-40-g277498a001 (webtiles) character file.

Game seed: 12643514545650533355

6796 jerry414 the Thaumaturge (level 10, -3/50 HPs)
             Began as a Deep Elf Fire Elementalist on July 25, 2019.
             Was a Priest of Vehumet.
             Slain by a vampire (9 damage)
             ... on level 11 of the Dungeon on Oct 22, 2019.
             The game lasted 00:50:22 (13598 turns).

jerry414 the Thaumaturge (DEFE)                    Turns: 13598, Time: 00:50:22

Health: -3/50      AC:  9    Str:  5    XL:     10   Next: 76%
Magic:  24/28      EV: 11    Int: 24    God:    Vehumet [***...]
Gold:   683        SH:  0    Dex: 15    Spells: 20/33 levels left

rFire    . . .     SeeInvis .   g - +2 short sword (holy)
rCold    . . .     Gourm    .   (no shield)
rNeg     . . .     Faith    .   w - +2 ring mail
rPois    +         Spirit   .   C - +0 helmet
rElec    .         Reflect  .   (no cloak)
rCorr    .         Harm     .   (no gloves)
MR       +....                  (no boots)
Stlth    ..........             x - amulet of magic regeneration
HPRegen  0.16/turn              (no ring)
MPRegen  0.46/turn              (no ring)

@: confused
A: talons 1, poison resistance
a: Renounce Religion


You were on level 11 of the Dungeon.
You worshipped Vehumet.
Vehumet was most pleased with you.
You were hungry.

You visited 2 branches of the dungeon, and saw 12 of its levels.

You collected 683 gold pieces.

Inventory:

Hand Weapons
 g - a +2 short sword of holy wrath (weapon)
 l - a +2 dagger of speed
 m - a +3 short sword of speed
 r - the cursed +1 falchion of Xom's Whim {slice, rElec, unknown}
   (You found it on level 7 of the Dungeon)

   It inflicts extra damage upon your enemies.
   It insulates you from electricity.
   It has a curse placed upon it.
 H - a +0 short sword of venom
Armour
 a - a +0 robe
 n - a +2 leather armour
 o - a +0 ring mail
 w - a +2 ring mail (worn)
 C - a +0 helmet (worn)
 G - a +3 leather armour
Jewellery
 x - an amulet of magic regeneration (around neck)
 B - an uncursed ring of ice
 I - an uncursed ring of poison resistance
Wands
 p - a wand of flame (8)
Scrolls
 d - 5 scrolls of teleportation
 e - 3 scrolls of magic mapping
 f - 4 scrolls of amnesia
 h - a scroll of blinking
 i - 5 scrolls of identify
 u - 8 scrolls of remove curse
 y - 2 scrolls of immolation
Potions
 k - a potion of magic {unknown}
 q - 4 potions of lignification
 v - 6 potions of curing
 z - 2 potions of agility
 D - a potion of flight
 E - a potion of haste
 F - a potion of might
Comestibles
 c - 14 rations


   Skills:
 + Level 2.4 Short Blades
 - Level 5.0 Armour
 + Level 4.5 Dodging
 + Level 3.5 Stealth
 * Level 12.3 Spellcasting
 + Level 6.5 Conjurations
 * Level 10.7 Fire Magic


You had 20 spell levels left.
You knew the following spells:

 Your Spells              Type           Power        Failure   Level  Hunger
a - Flame Tongue          Conj/Fire      #####        1%          1    None
b - Conjure Flame         Conj/Fire      ######..     1%          3    None
c - Sticky Flame          Conj/Fire      ######..     1%          4    None
d - Fireball              Conj/Fire      ######....   4%          5    ###....

Your spell library contained the following spells:

 Spells                   Type           Power        Failure   Level  Hunger
 Ignite Poison            Fire/Tmut/Pois ####....     3%          3    None
 Throw Flame              Conj/Fire      ######       1%          2    None
 Inner Flame              Hex/Fire       #####...     1%          3    None
 Dazzling Spray           Conj/Hex       ####..       3%          3    None
 Beastly Appendage        Tmut           ##....       17%         1    None
 Confusing Touch          Hex            ##....       17%         1    None
 Corona                   Hex            ##.....      17%         1    None
 Ensorcelled Hibernation  Hex/Ice        ##....       26%         2    None
 Sticks to Snakes         Tmut           ##......     26%         2    None
 Confuse                  Hex            ##......     45%         3    None
 Gell's Gravitas          Tloc           ##........   45%         3    None
 Spider Form              Tmut/Pois      ##........   45%         3    None
 Tukima's Dance           Hex            ##......     45%         3    None
 Yara's Violent Unravell  Hex/Tmut       ##........   71%         5    ###....
 Ice Form                 Ice/Tmut       ##......     86%         4    None
 Petrify                  Tmut/Erth      ##......     86%         4    None
 Blade Hands              Tmut           ##........   99%         5    ###....
 Metabolic Englaciation   Hex/Ice        ##........   99%         5    ###....


Dungeon Overview and Level Annotations

Branches:
Dungeon (11/15)            Temple (1/1) D:7
   Lair: D:8-11         Orc: D:9-12

Altars:
Ashenzari
Cheibriados
Dithmenos
Elyvilon
Fedhas
Gozag
Hepliaklqana
Kikubaaqudgha
Makhleb
Okawaru
Qazlal
Sif Muna
Trog
Uskayaw
Vehumet
Wu Jian
Xom
Yredelemnul
Zin
The Shining One

Portals:
Trove: D:10 (give +7 demon whip)

Annotations:
D:7 3 runed translucent doors, Jaiteiro's ghost, novice GrFi


Innate Abilities, Weirdness & Mutations

You have sharp toenails.
Your system is resistant to poisons. (rPois)


Message History

Aiming: Flame Tongue (safe; 1% risk of failure)
Press: ? - help, Shift-Dir - straight line, f/p - vampire
Aim: a vampire (moderately damaged)
The flame tongue hits the vampire but does no damage.
The vampire is moderately damaged.
The vampire casts a spell at you.
You are confused.
You're too confused to cast spells.
There isn't anything here!
Unknown command.
You bump into the rock wall.
The vampire hits you but does no damage.
The vampire bites you but does no damage.
You bump into the rock wall.
The vampire hits you.
* * * LOW HITPOINT WARNING * * *
The vampire misses you.
You bump into the rock wall.
The vampire hits you!
* * * LOW HITPOINT WARNING * * *
The vampire bites you!
You die...

.....# ....#
##...###
#......#
#..#.#.#
#.#....#.## #
#.....<...# .#
##..##.#####.##
... #...@V...#
# ##########


You could see a vampire.

Vanquished Creatures
  2 unseen horrors (D:10)
  2 hippogriffs
  A spriggan (D:7)
  A vampire (D:10)
  A hungry ghost (D:10)
  A water moccasin (D:7)
  2 sky beasts
  6 orc warriors
  An ice beast (D:9)
  A black bear (D:10)
  6 ogres
  A necrophage (D:8)
  2 centaurs
  A big kobold (D:5)
  2 crocodiles
  5 bullfrogs
  A wyvern skeleton (D:9)
  7 scorpions
  4 wights (D:9)
  5 killer bees (D:7)
  A howler monkey (D:4)
  3 crimson imps (D:5)
  2 centaur zombies
  7 hounds
  5 jellies
  8 orc priests
  A bullfrog skeleton (D:10)
  A centaur skeleton (D:4)
  12 orc wizards
  4 iguanas
  8 worker ants
  A hound zombie (D:9)
  3 hound skeletons
  3 gnolls (D:10)
  9 adders
  3 shadow imps
  An ooze (D:1)
  An adder zombie (D:5)
  4 worms
  5 dart slugs
  9 leopard geckos
  52 orcs
  6 bats
  8 giant cockroaches
  3 goblins (D:1)
  7 hobgoblins
  7 jackals
  13 kobolds
  7 quokkas
  3 ball pythons
  2 frilled lizards
  A giant cockroach zombie (D:6)
  A jackal skeleton (D:4)
  A jackal zombie (D:5)
  2 leopard gecko skeletons
  A leopard gecko zombie (D:6)
  A quokka skeleton (D:7)
  9 rats
267 creatures vanquished.

Vanquished Creatures (others)
  A fire vortex (D:10)
  4 toadstools (D:1)
5 creatures vanquished.

Grand Total: 272 creatures vanquished

Notes
Turn   | Place    | Note
-------+----------+-------------------------------------------
     0 | D:1      | jerry414 the Deep Elf Fire Elementalist began the quest for
                  | the Orb.
     0 | D:1      | Reached XP level 1. HP: 10/10 MP: 6/6
    69 | D:1      | Reached XP level 2. HP: 10/15 MP: 1/8
   208 | D:1      | Upgraded the game from 0.23.2-33-g5129a83184 to
                  | 0.23.2-40-g277498a001
   674 | D:1      | Reached XP level 3. HP: 19/19 MP: 5/9
   679 | D:1      | Learned a level 3 spell: Conjure Flame
  1465 | D:2      | Found a deep blue altar of Sif Muna.
  2084 | D:3      | Reached XP level 4. HP: 19/24 MP: 7/11
  2371 | D:2      | Learned a level 4 spell: Sticky Flame
  2380 | D:2      | Reached skill level 4 in Spellcasting
  2651 | D:3      | Found a glowing silver altar of Zin.
  2667 | D:3      | Found an ornate altar of the Wu Jian Council.
  2984 | D:3      | Reached skill level 5 in Fire Magic
  2984 | D:3      | Reached XP level 5. HP: 27/28 MP: 6/13
  3708 | D:4      | Found a basalt altar of Yredelemnul.
  4059 | D:4      | Reached skill level 5 in Spellcasting
  4059 | D:4      | Reached XP level 6. HP: 22/32 MP: 10/15
  4363 | D:4      | Reached skill level 1 in Short Blades
  4363 | D:4      | Reached skill level 1 in Armour
  4651 | D:5      | Entered Level 5 of the Dungeon
  5015 | D:5      | Reached XP level 7. HP: 36/36 MP: 12/17
  5037 | D:5      | Learned a level 5 spell: Fireball
  5108 | D:5      | Reached skill level 6 in Spellcasting
  6298 | D:5      | Gained mutation: You have sharp toenails. [potion of
                  | mutation]
  6298 | D:5      | Gained mutation: Your system is resistant to poisons.
                  | (rPois) [potion of mutation]
  6556 | D:6      | Found a snail-covered altar of Cheibriados.
  6592 | D:6      | Found a radiant altar of Vehumet.
  6594 | D:6      | Found a shimmering altar of Xom.
  6606 | D:6      | Found a burning altar of Makhleb.
  6613 | D:6      | Became a worshipper of Vehumet
  6812 | D:6      | Reached skill level 7 in Spellcasting
  6812 | D:6      | Reached XP level 8. HP: 41/41 MP: 11/20
  7499 | D:7      | Reached skill level 8 in Spellcasting
  7732 | D:7      | Got a warped falchion
  7733 | D:7      | Found a runed translucent gate.
  7734 | D:7      | Found a runed translucent gate.
  7735 | D:7      | Found a runed translucent gate.
  7737 | D:7      | Noticed Jaiteiro's ghost (novice GrFi)
  8038 | D:7      | Reached skill level 9 in Spellcasting
  8218 | D:7      | Reached XP level 9. HP: 38/45 MP: 13/24
  8265 | D:7      | Reached skill level 5 in Conjurations
  8265 | D:7      | Reached * piety under Vehumet
  8265 | D:7      | Offered knowledge of Shock by Vehumet.
  8342 | D:7      | Found a staircase to the Ecumenical Temple.
  8795 | Temple   | Entered the Ecumenical Temple
  9576 | D:8      | Reached skill level 10 in Spellcasting
  9640 | D:8      | Found a white marble altar of Elyvilon.
 10235 | D:9      | Found a shadowy altar of Dithmenos.
 10267 | D:9      | Reached ** piety under Vehumet
 10282 | D:9      | Offered knowledge of Magic Dart by Vehumet.
 10695 | D:9      | Reached skill level 11 in Spellcasting
 10765 | D:9      | Reached XP level 10. HP: 50/50 MP: 24/27
 11250 | D:10     | Entered Level 10 of the Dungeon
 11270 | D:10     | Noticed an unseen horror
 11280 | D:10     | Killed an unseen horror
 11666 | D:10     | Reached skill level 10 in Fire Magic
 11683 | D:10     | Offered knowledge of Ignite Poison by Vehumet.
 12076 | D:10     | Found a portal to a secret trove of treasure.
 12164 | D:10     | Reached *** piety under Vehumet
 12835 | D:10     | Noticed an unseen horror
 12851 | D:10     | Killed an unseen horror
 12851 | D:10     | Reached skill level 12 in Spellcasting
 13190 | D:10     | Reached skill level 5 in Armour
 13598 | D:11     | Slain by a vampire

Skill      XL: |  1  2  3  4  5  6  7  8  9 10 |
---------------+-------------------------------+-----
Fire Magic     | 4 5 6 7 9 10 | 10.7
Stealth        | 3 |  3.5
Spellcasting   | 4 5 7 9 11 12 | 12.3
Conjurations   | 2 3 4 5 6 |  6.5
Dodging        | 3 4 |  4.5
Short Blades   | 1 2 |  2.4
Armour         | 1 2 4 5 |  5.0

Action                   |  1- 3 |  4- 6 |  7- 9 | 10-12 || total
-------------------------+-------+-------+-------+-------++-------
Melee: Unarmed           |     1 |       |       |       ||     1
       Short sword       |     1 |    17 |    83 |     7 ||   108
       Kick              |       |       |     2 |     1 ||     3
 Cast: Flame Tongue      |    82 |    83 |   169 |    84 ||   418
       Conjure Flame     |     2 |     5 |    10 |     8 ||    25
       Sticky Flame      |       |    14 |    56 |    30 ||   100
       Fireball          |       |       |    12 |     9 ||    21
  Use: Scroll            |       |    10 |    10 |     7 ||    27
       Potion            |       |     4 |     5 |     3 ||    12
 Stab: Sleeping          |       |     1 |       |       ||     1
  Eat: Chunk             |     3 |     7 |    14 |     6 ||    30
       Ration            |     1 |     1 |     3 |     1 ||     6
Armor: Robe              |     1 |       |       |       ||     1
       Leather armour    |       |    15 |    46 |    24 ||    85
       Ring mail         |       |       |    13 |     8 ||    21
Dodge: Dodged            |    23 |    43 |    92 |    46 ||   204
